Map: Frozen Temple

Players

Acoustic

  • Race: Terran Terran
  • League: Grandmaster

Pokebunny - Winner!

  • Race: Terran Terran
  • League: Grandmaster

VOD

Have the link to the VOD?

Description

Time

  • Played on: April 6, 2016, 12:34 a.m.
  • Length: 5:42
Show
View Real Time Build Order
Export as new Build Order

Acoustic Terran 

Build Orders: 1/1/1 

Get SALT Encoding   

  12  0:01  SCV  
  13  0:13  SCV  
  14  0:18  Supply Depot  
  14  0:25  SCV  
  15  0:28  Refinery  
  15  0:39  SCV  
  16  0:46  Barracks  
  16  0:51  SCV  
  17  1:03  SCV  
  18  1:16  SCV  
  20  1:34  Factory, Marine  
  20  1:35  Orbital Command  
  20  1:43  Supply Depot  
  20  1:52  Marine  
  21  1:56  Refinery  
  21  2:02  SCV  
  22  2:09  Marine  
  23  2:16  SCV  
  23  2:19  Hellion  
  23  2:20  Starport  
  26  2:27  Marine  
  27  2:31  Supply Depot  
  27  2:35  SCV  
  28  2:39  Widow Mine  
  30  2:47  SCV  
  30  2:51  Marine  
  31  2:59  SCV  
  32  3:08  Medivac  
  32  3:09  Marine  
  35  3:25  Factory Tech Lab  
  35  3:27  Barracks Reactor  
  35  3:31  Supply Depot  
  35  3:32  Command Center  
  35  3:35  SCV  
  36  3:48  SCV  
  36  3:50  Siege Tank  
  39  4:00  SCV  
  39  4:02  Medivac  
  41  4:12  SCV  
  42  4:25  SCV  
  41  4:37  SCV  
  42  4:40  Command Center  
  42  4:43  Banshee  
  46  4:57  Factory Tech Lab  
  45  5:00  SCV  
  45  5:03  Factory  
  46  5:17  Supply Depot  
  46  5:18  SCV  
  46  5:19  Refinery  
  46  5:21  Refinery, Barracks Reactor  
  44  5:30  SCV  
Show
View Real Time Build Order
Export as new Build Order

Pokebunny Terran - Winner!

Build Orders: Reaper Expand 

Get SALT Encoding   

  12  0:01  SCV  
  13  0:13  SCV  
  14  0:18  Supply Depot  
  14  0:25  SCV  
  15  0:40  Barracks, SCV  
  16  0:44  Refinery  
  16  0:52  SCV  
  17  1:04  SCV  
  18  1:16  SCV  
  19  1:27  Reaper  
  19  1:28  Orbital Command  
  20  1:39  Command Center  
  20  1:48  Supply Depot  
  20  1:54  SCV  
  21  1:59  Marine  
  22  2:05  Factory  
  22  2:08  SCV  
  23  2:12  Refinery  
  23  2:17  Marine  
  23  2:20  SCV  
  25  2:34  SCV  
  27  2:40  Barracks Reactor  
  26  2:46  SCV  
  27  2:51  Hellion  
  27  2:57  Barracks  
  27  2:58  Orbital Command  
  29  2:59  Starport  
  29  3:01  SCV  
  30  3:13  Widow Mine, SCV  
  30  3:16  Marine x2  
  35  3:25  SCV  
  36  3:27  Barracks  
  36  3:31  SCV  
  37  3:35  Medivac  
  37  3:39  SCV  
  37  3:40  Marine  
  37  3:41  Marine  
  42  3:45  Factory Tech Lab, Barracks Tech Lab  
  42  3:49  Engineering Bay  
  42  3:56  SCV x2  
  42  4:00  Marine  
  42  4:01  Marine  
  46  4:14  Viking  
  43  4:32  SCV x2  
  43  4:36  Barracks Reactor, Marine  
  46  4:41  Supply Depot  
  46  4:44  Supply Depot  
  46  5:02  Siege Tank, Marine x3, SCV x2  
  46  5:04  Starport Reactor  
  46  5:05  Missile Turret  
  54  5:10  Missile Turret  
  54  5:14  Supply Depot  
Tags
 
Add a new tag
Caveats
  • Supply blocks, unpowered buildings, or Contaminate may cause inaccurate times.
  • Supply counts are checked every 10 seconds.